 Dungeon Crawl Stone Soup version 0.16-a0-1183-g5b05a17 (webtiles) character file.

583 Deemzul the Covert (level 7, -1/48 HPs)
             Began as an Octopode Assassin on Oct 10, 2014.
             Was a Believer of Dithmenos.
             Slain by a gnoll
             ... wielding a +0 halberd
              (14 damage)
             ... on level 3 of the Dungeon.
             The game lasted 00:06:13 (2633 turns).

Deemzul the Covert (Octopode Assassin)              Turns: 2633, Time: 00:06:13

Health: -1/48      AC:  1    Str: 10    XL:     7   Next: 37%
Magic:  7/7        EV: 12    Int: 13    God:    Dithmenos [**....]
Gold:   141        SH:  0    Dex: 16    Spells: 0 memorised, 6 levels left

rFire  . . .     SeeInvis .     a - +2 dagger
rCold  . . .     Clarity  .     (no shield)
rNeg   . . .     SustAb   .     (helmet restricted)
rPois  .         Gourm    .     j - amulet of regeneration
rElec  .         Spirit   .     (no ring)
rCorr  .         Warding  .     (no ring)
rMut   .         Stasis   .     (no ring)
MR     .....                    (no ring)
Stlth  +++++++...               (no ring)
                                (no ring)
                                (no ring)
                                (no ring)

@: wreathed by umbra, not resistant to hostile enchantments, extremely stealthy
A: almost no armour, amphibious, 8 rings, constrict 8, camouflage 1, gelatinous
body 1
a: Shadow Step, Renounce Religion


You were on level 3 of the Dungeon.
You worshipped Dithmenos.
Dithmenos was pleased with you.
You were not hungry.

You visited 1 branch of the dungeon, and saw 3 of its levels.

You collected 141 gold pieces.

Inventory:

Hand weapons
 a - a +2 dagger (weapon)
 b - a +0 blowgun
Missiles
 e - 15 poisoned needles
 f - 2 curare-tipped needles
 x - 2 throwing nets (quivered)
Comestibles
 g - 4 bread rations
 m - 2 beef jerkies
 u - a meat ration
Scrolls
 c - 3 scrolls of identify {unknown}
 d - 3 scrolls of immolation {unknown}
 k - a scroll of teleportation {unknown}
 l - a scroll of recharging {unknown}
 n - a scroll of enchant armour {unknown}
 q - a scroll of remove curse {unknown}
 s - a scroll of fog {unknown}
Jewellery
 j - an amulet of regeneration (around mantle)
Potions
 h - 3 potions of curing {unknown}
 i - 3 potions of magic {unknown}
 o - a potion of cancellation {unknown}
 p - a potion of beneficial mutation {unknown}
 r - a potion of resistance {unknown}
Books
 t - a book of Burglary

   Spells                             Type                      Level
   Swiftness                          Charms/Air                   2
   Passwall                           Transmutation/Earth          3
   Passage of Golubria                Translocation                4
   Lee's Rapid Deconstruction         Earth                        5
   Invisibility                       Hexes                        6
   Darkness                           Hexes                        7


   Skills:
 + Level 4.1 Fighting
 * Level 5.3 Short Blades
 - Level 2.0 Throwing
 - Level 1.0 Dodging
 * Level 8.3 Stealth


You had 6 spell levels left.
You didn't know any spells.

Dungeon Overview and Level Annotations

Branches:
Dungeon (3/15)

Altars:
Dithmenos
Kikubaaqudgha


Innate Abilities, Weirdness & Mutations

You cannot wear most types of armour.
You are amphibious.
You can wear up to eight rings at the same time.
You can use your tentacles to constrict many enemies at once.
Your skin changes colour to match your surroundings (Stealth).
Your rubbery body absorbs attacks (AC +1).


Message History

You hit the gnoll.
The gnoll is moderately wounded.
You constrict the gnoll. x2
The gnoll hits you with a halberd! The gnoll barely misses you.
You hit the gnoll.
The gnoll is moderately wounded.
You constrict the gnoll. x2
The gnoll hits you.
You hit the gnoll.
The gnoll is heavily wounded.
You constrict the gnoll, but do no damage.
You constrict the gnoll. The gnoll closely misses you.
You completely miss the gnoll.
The gnoll is severely wounded.
You constrict the gnoll. x2
The gnoll closely misses you.
The gnoll hits you from afar with a halberd!
* * * LOW HITPOINT WARNING * * *
The gnoll hits you with a halberd!
You die...

≈≈≈≈≈%≈≈≈≈≈≈%≈≈≈#####≈≈#
......%.........#g.g#≈≈#
#################.g.#≈≈# '..'.
#+###≈≈# #''######### .#.≈≈≈#
...........# .#.≈≈≈#
........)..######.#.≈≈≈#
...........'....).#.≈≈≈#
...........'....@g#.≈≈≈#########
#))##############g#.≈≈≈#.......#
...%#######.....#g#.≈≈≈#.......#
....)..)).'.....#.#.≈≈≈#.......#
.).)#######.....#'###≈≈#.......#
''')#############.. #≈≈#.......#
.......)....... #.. #≈≈##.(.#####
....≈≈≈≈≈≈≈≈≈≈≈≈#####≈≈##...#....
....≈≈≈≈≈≈≈≈≈≈≈≈≈≈≈≈≈≈≈.....'....


You could see 3 gnolls.

Vanquished Creatures
  An ogre (D:3)
  An adder (D:3)
  39 gnolls (D:3)
  3 worms (D:2)
  2 giant geckos
  7 orcs (D:3)
  8 bats
  5 giant cockroaches
  6 goblins
  5 hobgoblins
  20 jackals
  2 quokkas
  A ball python (D:2)
  3 giant newts
  3 kobolds
  7 rats
113 creatures vanquished.

Notes
Turn   | Place    | Note
--------------------------------------------------------------
     0 | D:1      | Deemzul, the Octopode Assassin, began the quest for the Orb.
     0 | D:1      | Reached XP level 1. HP: 14/14 MP: 1/1
   205 | D:1      | Reached XP level 2. HP: 19/19 MP: 2/2
   727 | D:2      | Reached XP level 3. HP: 17/25 MP: 3/3
   812 | D:2      | Found a shadowy altar of Dithmenos.
   825 | D:2      | Became a worshipper of Dithmenos the Shadowed
   855 | D:2      | Reached skill level 6 in Stealth
  1010 | D:2      | Reached XP level 4. HP: 24/30 MP: 4/4
  1166 | D:2      | Found an ancient bone altar of Kikubaaqudgha.
  1954 | D:3      | Reached XP level 5. HP: 30/36 MP: 5/5
  2027 | D:3      | Noticed a necrophage
  2075 | D:3      | Acquired Dithmenos' first power
  2107 | D:3      | Noticed an ogre
  2142 | D:3      | Reached skill level 7 in Stealth
  2153 | D:3      | Killed an ogre
  2153 | D:3      | Reached XP level 6. HP: 42/42 MP: 6/6
  2295 | D:3      | Reached skill level 5 in Short Blades
  2307 | D:3      | Reached XP level 7. HP: 17/47 MP: 7/7
  2323 | D:3      | Reached skill level 8 in Stealth
  2633 | D:3      | Slain by a gnoll

Action                   |  1- 3 |  4- 6 |  7- 9 || total
-------------------------+-------+-------+-------++-------
Melee: Dagger            |    84 |   161 |    56 ||   301
       Unarmed           |       |     1 |       ||     1
 Fire: Blowgun           |       |    24 |     5 ||    29
 Stab: Sleeping          |     6 |     5 |       ||    11
  Eat: Chunk             |     1 |     5 |     2 ||     8
